 Dungeon Crawl Stone Soup version 0.28.0-49-g6dfe1f597d (webtiles) character file.

Game seed: 15304450407939828761

3353 MrIGI the Arsonist (level 9, -16/93 HPs)
             Began as a Demigod Fire Elementalist on May 12, 2022.
             Killed from afar by Erica (28 damage)
             ... with a lance of force
             ... on level 8 of the Dungeon.
             The game lasted 00:54:49 (11944 turns).

MrIGI the Arsonist (Demigod Fire Elementalist)     Turns: 11944, Time: 00:54:49

Health: -16/93     AC: 24    Str:  9    XL:     9   Next: 45%
Magic:  14/24      EV:  2    Int: 29    God:
Gold:   465        SH:  0    Dex: 14    Spells: 15/23 levels left

rFire   + . .      SeeInvis .   c - +2 falchion (flame)
rCold   . . .      Faith    .   (no shield)
rNeg    . . .      Spirit   .   (armour currently unavailable)
rPois   +          Reflect  .   (helmet currently unavailable)
rElec   .          Harm     .   (cloak currently unavailable)
rCorr   .          Rampage  .   (gloves currently unavailable)
Will    .....      NoTele   +   (boots currently unavailable)
Stlth   +.........              (no amulet)
HPRegen 0.25/turn               m - ring of protection from cold
MPRegen 0.19/turn               J - ring of fire

@: confused, tree-form
A: stationary, stasis, torment immunity, boosted hp, high MP 1, forlorn, divine
attributes
a: no special abilities


You were on level 8 of the Dungeon.
You were a tree.
You visited 1 branch of the dungeon, and saw 8 of its levels.

You collected 465 gold pieces.

Inventory:

Hand Weapons
 c - a +2 falchion of flaming (weapon)
 j - a +0 vorpal flail
 n - a +3 flail
 v - a +3 falchion
 w - a +2 short sword of venom
 z - a +1 shortbow of flaming
 B - a +1 mace of draining
 C - a +0 scythe of venom
 E - a +3 flail
 F - a +0 hand crossbow
 G - a +1 spear
 H - a +3 scimitar
 M - a +3 dagger of venom
Missiles
 f - 5 javelins
 r - 2 throwing nets
 A - 64 arrows
Armour
 a - a +0 robe
 b - a +2 cloak (melded)
 i - a +0 ring mail
 k - a +0 leather armour
 y - a +0 pair of boots (melded)
 D - a +0 buckler
 I - a +1 robe of fire resistance
 N - the +1 robe of Tortured the Leaf (melded) {rElec Int+4}
   (You found it on level 8 of the Dungeon)

   Int:       It affects your intelligence (+4).
   rElec:     It insulates you from electricity.
Jewellery
 m - a ring of protection from cold (left branch)
 J - a ring of fire (right branch)
 P - a ring of resist corrosion
Wands
 K - a wand of flame (24)
 O - a wand of iceblast (7)
Scrolls
 d - 2 scrolls of teleportation
 o - 2 scrolls of immolation
 q - a scroll of acquirement
 s - a scroll of holy word {unknown}
 x - a scroll of silence {unknown}
 Q - a scroll of enchant armour {unknown}
Potions
 e - a potion of invisibility
 g - 2 potions of degeneration
 l - a potion of resistance
 p - 2 potions of lignification
 t - 2 potions of mutation
 u - a potion of might


   Skills:
 - Level 0.5 Long Blades
 - Level 0.3 Armour
 - Level 2.2 Dodging
 + Level 2.4 Stealth
 * Level 7.9 Spellcasting
 + Level 4.9 Conjurations
 * Level 1.7 Hexes
 - Level 8.0 Fire Magic


You had 15 spell levels left.
You knew the following spells:

 Your Spells              Type           Power      Damage    Failure   Level
a - Foxfire               Conj/Fire      100%       2x1d9     1%          1
b - Scorch                Fire           100%       2d10      1%          2
c - Conjure Flame         Conj/Fire      65%        6-21      1%          3
d - Searing Ray           Conj           78%        2d7       1%          2

Your spell library contained the following spells:

 Spells                   Type           Power      Damage    Failure   Level
 Magic Dart               Conj           100%       1d8       1%          1
 Inner Flame              Hex/Fire       56%        N/A       1%          3
 Flame Wave               Conj/Fire      65%        2d12      3%          4
 Fulminant Prism          Conj/Hex       15%        3d11      12%         4


Dungeon Overview and Level Annotations

Branches:
Dungeon (8/15)             Temple (0/1) D:5
   Lair: D:8-11

Annotations:
D:8 Erica


Innate Abilities, Weirdness & Mutations

You are a tree.
Your roots penetrate the ground, keeping you stationary.
You cannot be teleported.
You are immune to unholy pain and torment.
Your maximum health is greatly increased.
Your equipment is partially melded.
You have an increased reservoir of magic. (+10% MP)
You shall have no god before yourself.
Your divine heritage dramatically boosts your attributes as you level up.


Message History

Casting: Foxfire (safe; 1% risk of failure)
Confirm with . or Enter, or press ? or * to list all spells.
You feel a surge of power!
Nothing appears to happen.
The foxfire hits something. x2; Something hits you!
* * * LOW HITPOINT WARNING * * *
Something burns you.
* * * LOW HITPOINT WARNING * * *
Something hits you but does no damage.
It was a potion of flight.
Your roots keep you in place.
Something hits you but does no damage.
You feel better.
You feel yourself speed up.
Something hits you but does no damage. x2
Casting: Foxfire (safe; 1% risk of failure)
Confirm with . or Enter, or press ? or * to list all spells.
Okay, then.
Okay, then.
Casting: Foxfire (safe; 1% risk of failure)
Confirm with . or Enter, or press ? or * to list all spells.
Aiming: Searing Ray (safe; 1% risk of failure)
Press: ? - help, Shift-Dir - straight line, f - goblin zombie
Aim: a goblin zombie (88% to hit)
The searing ray hits the goblin zombie.
The goblin zombie is severely damaged. (Press . to maintain the ray.)
Something hits you.
* * * LOW HITPOINT WARNING * * *
The searing ray hits something.
The searing ray hits the goblin zombie.
You destroy the goblin zombie!
Something hits you but does no damage.
The searing ray hits something.
Something hits you but does no damage.
The searing ray hits something.
You finish channelling your searing ray.
You hear some strange, mumbled words.
You are confused.
Something hits you but does no damage.
You hear some strange, mumbled words.
A lance of force appears from out of thin air!
The lance of force hits you!!
You die...

####.# #..# #.#.###### #.#
#..# #.#.# #.# #..#
#.#.###### #.# #..#
#.#....... #.# #..#
#.######## #.# ####..# #.#
#.# ######.....# #.#
#...##.#...# #.#######
#....{♣....# #.......#
##.###..######..# #######.#
#.......# #..... #.##
#######.###..#..#####.###.##
.............#... ..........
#######.###..#..#####.###...
...# #... #... ###.# #.##
... ##.##


There were no monsters in sight!

Vanquished Creatures
  A two-headed ogre (D:8)
  Grinder (D:5)
  Sigmund (D:6)
  Duvessa (D:7)
  An orc warrior (D:7)
  A sky beast (D:6)
  2 ice beasts
  A black bear (D:7)
  2 ogres
  3 centaurs
  3 scorpions
  Dowan (D:7)
  A water moccasin skeleton (D:7)
  7 wights (D:7)
  A bullfrog zombie (D:7)
  2 hounds
  4 centaur skeletons
  A gnoll shaman (D:8)
  An orc priest (D:4)
  A bullfrog skeleton (D:6)
  4 iguanas
  7 orc wizards
  A killer bee zombie (D:8)
  A howler monkey skeleton (D:5)
  7 gnolls
  8 adders
  A shadow imp (D:8)
  2 white imps
  3 ufetubi
  2 worms
  4 dart slugs
  16 orcs
  An endoplasm (D:4)
  3 giant cockroaches (D:1)
  6 goblins
  6 hobgoblins
  4 jackals (D:4)
  6 quokkas
  7 ball pythons
  10 bats
  7 frilled lizards
  A goblin zombie (D:8)
  6 kobolds
  5 rats
154 creatures vanquished.

Vanquished Creatures (others)
  532 foxfires
532 creatures vanquished.

Grand Total: 686 creatures vanquished

Notes
Turn   | Place    | Note
-------+----------+-------------------------------------------
     0 | D:1      | MrIGI the Demigod Fire Elementalist began the quest for the
                  | Orb.
     0 | D:1      | Reached XP level 1. HP: 14/14 MP: 5/5
   334 | D:1      | Reached skill level 3 in Fire Magic
   463 | D:1      | Reached XP level 2. HP: 19/20 MP: 0/7
   825 | D:1      | Reached skill level 1 in Conjurations
  1359 | D:2      | Reached XP level 3. HP: 26/26 MP: 5/8
  1362 | D:2      | Learned a level 2 spell: Scorch
  1674 | D:2      | You fall into a shaft and drop 1 floor!
  1785 | D:3      | Reached skill level 4 in Fire Magic
  1785 | D:3      | Reached XP level 4. HP: 31/33 MP: 5/9
  2809 | D:4      | Reached XP level 5. HP: 28/38 MP: 2/10
  3385 | D:3      | Reached skill level 5 in Fire Magic
  3680 | D:3      | Reached XP level 6. HP: 37/45 MP: 6/11
  3684 | D:3      | Learned a level 3 spell: Conjure Flame
  4541 | D:5      | Entered Level 5 of the Dungeon
  4555 | D:5      | Noticed Grinder
  4568 | D:5      | Killed Grinder
  4569 | D:5      | Reached skill level 6 in Fire Magic
  4569 | D:5      | Reached XP level 7. HP: 29/50 MP: 1/14
  5379 | D:5      | Found a staircase to the Ecumenical Temple.
  7296 | D:6      | Reached XP level 8. HP: 57/57 MP: 8/17
  7360 | D:6      | Noticed Sigmund
  7374 | D:6      | Learned a level 2 spell: Searing Ray
  7437 | D:5      | HP: 2/57 [poisoned by Sigmund]
  8114 | D:6      | Reached skill level 7 in Fire Magic
  8264 | D:6      | Killed Sigmund
  8461 | D:6      | Reached skill level 5 in Spellcasting
 10304 | D:7      | Reached XP level 9. HP: 61/61 MP: 5/22
 10820 | D:7      | Noticed Duvessa
 10820 | D:7      | Noticed Dowan
 10850 | D:7      | Killed Dowan
 10851 | D:7      | Killed Duvessa
 10852 | D:7      | Reached skill level 8 in Fire Magic
 11160 | D:8      | Identified the +1 robe of Tortured the Leaf {rElec Int+4}
 11216 | D:8      | Identified a scroll of acquirement
 11603 | D:8      | Noticed a two-headed ogre
 11612 | D:8      | Killed a two-headed ogre
 11613 | D:8      | Reached skill level 1 in Hexes
 11917 | D:8      | Noticed Erica
 11932 | D:8      | HP: 3/62 [something (4)]
 11936 | D:8      | HP: 1/93 [something (2)]
 11944 | D:8      | Killed from afar by Erica

Illustrated notes

Levels and vault maps discovered:
D:1:      dpeg_arrival_round_a, layout_loops_ring, kennysheep_decorative_pillar
D:2:      layout_basic, hellmonk_ecumenical_altar_run_dry, basic_altar
D:3:      layout_loops_ring, overflow_temple_1_default
D:4:      layout_loops_ring, ashenzari_altar_1
D:5:      layout_loops_corners, mainiacjoe_overflow_brackets,
          minmay_temple_entry_glassed_door, kb_lookout_dungeons_type,
          uniq_grinder
D:6:      layout_basic, uniq_sigmund
D:7:      cheibrodos_quashed, layout_basic, lemuel_round_altar,
          kennysheep_generic_room_6, uniq_duvessa
D:8:      layout_basic, enter_ossuary_4, serial_shops, shop_statue, uniq_erica

Skill      XL: |  1  2  3  4  5  6  7  8  9 |
---------------+----------------------------+-----
Fire Magic     | 3 4 5 6 7 8 |  8.0
Dodging        | 2 |  2.2
Conjurations   | 1 2 3 4 |  4.9
Stealth        | 2 |  2.4
Spellcasting   | 2 4 6 7 |  7.9
Hexes          | 1 |  1.7
Long Blades    | |  0.5
Armour         | |  0.3

Action                   |  1- 3 |  4- 6 |  7- 9 || total
-------------------------+-------+-------+-------++-------
Melee: Unarmed           |    50 |    12 |       ||    62
       Falchion          |       |     7 |    13 ||    20
       Flail             |       |     1 |       ||     1
 Cast: Foxfire           |    69 |   105 |   157 ||   331
       Scorch            |       |     7 |    50 ||    57
       Conjure Flame     |       |       |    33 ||    33
       Searing Ray       |       |       |     9 ||     9
  Use: Scroll            |       |     2 |     5 ||     7
       Potion            |       |       |     7 ||     7
 Stab: Sleeping          |     1 |     1 |       ||     2
Armor: Robe              |    28 |    12 |       ||    40
       Leather armour    |       |    33 |    23 ||    56
       Skin              |       |       |    10 ||    10
Dodge: Dodged            |    58 |    57 |    50 ||   165
